 Dungeon Crawl Stone Soup version 0.29.1-15-g9cfb28693d (webtiles) character file.

Game seed: 13131870484432353745

51879 Getoffmy the Severer (level 14, -5/133 HPs)
             Began as a Minotaur Fighter on Mar 19, 2023.
             Was a High Priest of the Shining One.
             Slain by a redback (11 damage)
             ... on level 1 of the Spider Nest.
             The game lasted 00:35:08 (20303 turns).

Getoffmy the Severer (Minotaur Fighter)            Turns: 20303, Time: 00:35:08

Health: -5/133     AC: 20    Str: 29    XL:     14   Next: 25%
Magic:  0/19       EV:  9    Int:  5    God:    the Shining One [*****.]
Gold:   1732       SH:  7    Dex: 24    Spells: 13/13 levels left

rFire   + + +      SeeInvis .   a - +1 war axe (vorpal)
rCold   . . .      Faith    .   c - +0 buckler
rNeg    + + .      Spirit   +   D - +2 chain mail {rF+}
rPois   +          Reflect  .   (helmet restricted)
rElec   .          Harm     .   B - +1 cloak
rCorr   .          Rampage  .   b - +1 pair of gloves {Dex+3}
Will    +....                   (no boots)
Stlth   ..........              y - amulet of guardian spirit
HPRegen 0.32/turn               v - +6 ring of dexterity
MPRegen 0.16/turn               K - ring of Secrets {rPois rF++ Str+4 Dex+4}

@: lethally poisoned (-5 -> -12), glowing, studying Conjurations
A: horns 2, retaliatory headbutt
a: Renounce Religion, Divine Shield, Cleansing Flame, Summon Divine Warrior


You were on level 1 of the Spider Nest.
You worshipped the Shining One.
The Shining One was extremely pleased with you.
You visited 3 branches of the dungeon, and saw 16 of its levels.
You also visited: Sewer.

You collected 2012 gold pieces.
You spent 280 gold pieces at shops.

Inventory:

Hand Weapons
 a - a +1 vorpal war axe (weapon)
Missiles
 f - 2 throwing nets
 i - 27 poisoned darts (quivered)
 j - 112 stones
 J - 5 atropa-tipped darts
 Q - 6 datura-tipped darts
 R - 2 silver javelins
Armour
 b - a +1 pair of gloves of dexterity (worn)
 c - a +0 buckler (worn)
 B - a +1 cloak (worn)
 D - a +2 chain mail of fire resistance (worn)
 U - a +1 cloak of preservation
Jewellery
 d - a ring of ice
 k - an amulet of the acrobat
 u - an amulet of faith
 v - a +6 ring of dexterity (left hand)
 y - an amulet of guardian spirit (around neck)
 F - a ring of resist corrosion
 I - a +6 ring of intelligence
 K - the ring of Secrets (right hand) {rPois rF++ Str+4 Dex+4}
   (You acquired it on level 9 of the Dungeon)

   [ring of poison resistance]

   Str:       It affects your strength (+4).
   Dex:       It affects your dexterity (+4).
   rF:        It greatly protects you from fire.
   rPois:     It protects you from poison.
Wands
 m - a wand of charming (12)
 C - a wand of mindburst (2)
 E - a wand of flame (9)
 S - a wand of digging (5)
Scrolls
 e - 2 scrolls of teleportation
 g - 7 scrolls of immolation
 n - 7 scrolls of identify
 p - 3 scrolls of enchant armour
 w - a scroll of summoning
 A - 2 scrolls of silence
 H - a scroll of enchant weapon
 L - a scroll of butterflies
 M - a scroll of amnesia
 N - a scroll of brand weapon
 P - 2 scrolls of noise
Potions
 h - 3 potions of attraction
 l - a potion of resistance
 r - 3 potions of invisibility
 x - 2 potions of cancellation
 G - 2 potions of brilliance
 O - a potion of ambrosia
 T - a potion of lignification
Miscellaneous
 z - a phantom mirror


   Skills:
 + Level 14.6 Fighting
 * Level 18.8 Axes
 + Level 14.6 Armour
 + Level 6.8 Shields
 - Level 9.0 Invocations


You had 13 spell levels left.
You didn't know any spells.
Your spell library contained the following spells:

 Spells                   Type           Power      Damage    Failure   Level
 Beastly Appendage        Tmut           0%         N/A       93%         1
 Magic Dart               Conj           0%         1d3       93%         1
 Call Imp                 Summ           0%         N/A       98%         2
 Wereblood                Tmut           0%         N/A       98%         2
 Call Canine Familiar     Summ           0%         N/A       100%        3
 Dazzling Flash           Conj/Hex       0%         N/A       100%        3
 Gell's Gravitas          Tloc           0%         N/A       100%        3
 Lesser Beckoning         Tloc           0%         N/A       100%        3
 Mephitic Cloud           Conj/Pois/Air  0%         N/A       100%        3
 Ozocubu's Armour         Ice            0%         N/A       100%        3
 Portal Projectile        Hex/Tloc       0%         N/A       100%        3
 Spider Form              Tmut/Pois      0%         N/A       100%        3
 Stone Arrow              Conj/Erth      0%         3d7       100%        3
 Teleport Other           Tloc           0%         N/A       100%        3
 Animate Armour           Summ/Erth      0%         N/A       100%        4
 Iskenderun's Mystic Bla  Conj/Tloc      0%         2d3       100%        4
 Leda's Liquefaction      Hex/Erth       0%         N/A       100%        4
 Summon Lightning Spire   Summ/Air       0%         N/A       100%        4
 Alistair's Intoxication  Tmut/Pois      0%         N/A       100%        5
 Freezing Cloud           Conj/Ice/Air   0%         6-21      100%        5
 Simulacrum               Ice/Necr       0%         N/A       100%        6
 Starburst                Conj/Fire      0%         6d3       100%        6
 Ozocubu's Refrigeration  Ice            0%         4d7       100%        7
 Storm Form               Tmut/Air       0%         N/A       100%        7
 Lehudib's Crystal Spear  Conj/Erth      0%         10d2      100%        8
 Maxwell's Capacitive Co  Air            0%         ∞         100%        8
 Summon Horrible Things   Summ           0%         N/A       100%        8
 Polar Vortex             Ice            0%         N/A       100%        9


Dungeon Overview and Level Annotations

Branches:
Dungeon (10/15)            Temple (0/1) D:5            Lair (5/5) D:9
  Swamp (0/4) Lair:2       Spider (1/4) Lair:2        Slime (0/5) Lair:4
    Orc (0/2) D:10          Sewer (visited)

Altars:
Ashenzari
Dithmenos
Elyvilon
Fedhas
Hepliaklqana
Kikubaaqudgha
Makhleb
Nemelex Xobeh
Qazlal
Trog
Vehumet
Wu Jian
Zin
The Shining One
Jiyva

Shops:
D:3 [   D:8 :   D:9 *   D:10 [

Portals:
Trove: D:10 (give 6 scrolls of fear)

Annotations:
D:5 3 runed translucent doors, promet's ghost, novice MiWn
Lair:3 exclusion: oklob plant
Lair:4 1 runed translucent door


Innate Abilities, Weirdness & Mutations

You have a pair of horns on your head.
You reflexively headbutt those who attack you in melee.


Message History

The entropy weaver closely misses you.
The entropy weaver hits you but does no damage.
The entropy weaver hits you!
* * * LOW HITPOINT WARNING * * *
The redback bites you!
* * * LOW HITPOINT WARNING * * *
Your magical effects are unravelling.
You feel magically purged.
You are no longer corroded.
You feel very sick.
The redback bites you but does no damage.
The redback closely misses you.
The entropy weaver hits you but does no damage. x2
You block the entropy weaver's attack.
The entropy weaver hits you but does no damage.
You slice the entropy weaver!!
You kill the entropy weaver!
You hit the redback. You slice the redback!!
You feel very sick. The redback bites you!
* * * LOW HITPOINT WARNING * * *
The redback bites you!
* * * LOW HITPOINT WARNING * * *
The redback bites you but does no damage.
You feel much better.
You feel very sick. The redback bites you!
* * * LOW HITPOINT WARNING * * *
The redback bites you.
* * * LOW HITPOINT WARNING * * *
The redback bites you but does no damage.
The redback bites you.
* * * LOW HITPOINT WARNING * * *
The redback bites you!
* * * LOW HITPOINT WARNING * * *
* * * LOW HITPOINT WARNING * * *
You feel sick. The redback bites you.
* * * LOW HITPOINT WARNING * * *
The redback bites you!
You die...

.#s .. # # .. .#
#^# .# #. ...#.
.#.##.#.#.#
##.#..#.....
#....#.... .
#..##..###..
##.@ss...>###
##.#s#.##...
#.........#
#.###..##.....
....^..#.†#.#.#.#
#.....#....<#.#...
######..##†....#
#..#.#..#.....
##.#...#.#.###


You could see 3 redbacks.

Vanquished Creatures
  A broodmother (Spider:1)
  An entropy weaver (Spider:1)
  A spark wasp (Spider:1)
  Fannar (Lair:2)
  A hydra (Lair:4)
  A boulder beetle (Lair:5)
  A catoblepas (Lair:5)
  A deep troll shaman (Lair:5)
  10 death yaks
  Pikel (D:7)
  A lindwurm (Lair:5)
  A manticore (D:8)
  A wolf spider (Spider:1)
  14 elephants
  A moth of wrath (Spider:1)
  4 black mambas
  A gargoyle (D:10)
  An unseen horror (D:10)
  2 rime drakes (Lair:2)
  8 cane toads
  11 komodo dragons
  A demonic crawler (Spider:1)
  2 trolls
  A polar bear (Lair:2)
  A hornet (D:9)
  2 tyrant leeches (Lair:2)
  19 blink frogs
  A tarantella (Spider:1)
  9 dream sheep
  A jumping spider (Spider:1)
  Sigmund (D:4)
  A culicivora (Spider:1)
  3 wyverns
  2 steam dragons
  52 yaks
  A basilisk (Lair:1)
  3 redbacks
  2 vampire mosquitoes (D:10)
  A warg (D:10)
  A swamp worm (Lair:2)
  11 water moccasins
  4 black bears
  An ice beast (D:7)
  6 orc warriors
  A sky beast (D:8)
  Pargi (Sewer)
  22 wolves
  2 centaurs
  2 kobold brigands
  A lemure (D:7)
  16 bullfrogs
  2 necrophages (D:7)
  A gnoll sergeant (D:9)
  3 scorpions
  16 wights
  12 killer bees
  3 howler monkeys
  6 jellies
  6 orc priests
  3 hounds
  3 iguanas
  A gnoll bouda (D:6)
  9 hell rats
  11 orc wizards
  12 gnolls
  4 adders
  2 river rats (D:3)
  A shadow imp (D:6)
  2 dart slugs
  29 orcs
  8 endoplasms
  5 giant cockroaches
  6 goblins
  8 hobgoblins
  3 quokkas
  6 ball pythons
  6 bats
  3 frilled lizards
  12 kobolds
  11 rats
  A spectral hobgoblin (D:2)
430 creatures vanquished.

Vanquished Creatures (collateral kills)
  3 hydras
  A cane toad (Lair:4)
4 creatures vanquished.

Vanquished Creatures (others)
  22 fungi
  50 plants
72 creatures vanquished.

Grand Total: 506 creatures vanquished

Notes
Turn   | Place    | Note
-------+----------+-------------------------------------------
     0 | D:1      | Getoffmy the Minotaur Fighter began the quest for the Orb.
     0 | D:1      | Reached XP level 1. HP: 19/19 MP: 0/0
   132 | D:1      | Reached XP level 2. HP: 25/27 MP: 1/1
   202 | D:1      | Reached skill level 3 in Axes
   931 | D:2      | Reached XP level 3. HP: 33/33 MP: 2/2
  1005 | D:2      | Found a faded altar of an unknown god.
  1019 | D:2      | Prayed at the altar of an unknown god.
  1019 | D:2      | Became a worshipper of the Shining One
  1019 | D:2      | Reached * piety under the Shining One
  1386 | D:2      | You fall into a shaft and drop 1 floor!
  1512 | D:3      | Reached XP level 4. HP: 35/40 MP: 3/3
  1516 | D:3      | Found a glowing drain.
  1524 | Sewer    | Entered a sewer
  1578 | Sewer    | Noticed Pargi
  1589 | Sewer    | Killed Pargi
  1590 | Sewer    | Reached skill level 4 in Axes
  1590 | Sewer    | Reached XP level 5. HP: 43/47 MP: 4/4
  1952 | D:3      | Found a radiant altar of Vehumet.
  2087 | D:3      | Found Joceni's Armour Shoppe.
  2724 | D:4      | Reached skill level 5 in Axes
  2865 | D:4      | Noticed Sigmund
  2875 | D:4      | Killed Sigmund
  2876 | D:4      | Reached skill level 5 in Fighting
  2876 | D:4      | Reached skill level 5 in Armour
  2876 | D:4      | Reached skill level 5 in Shields
  2876 | D:4      | Reached XP level 6. HP: 56/56 MP: 5/5
  2889 | D:4      | Reached ** piety under the Shining One
  3341 | D:4      | Reached skill level 6 in Axes
  3341 | D:4      | Reached XP level 7. HP: 52/61 MP: 6/6
  3457 | D:5      | Entered Level 5 of the Dungeon
  3813 | D:5      | Noticed promet's ghost (novice MiWn)
  3819 | D:5      | Found a runed translucent gate.
  3819 | D:5      | Found a runed translucent gate.
  3834 | D:5      | Found a runed translucent gate.
  4037 | D:5      | Found a staircase to the Ecumenical Temple.
  4110 | D:5      | Found a hazy altar of Hepliaklqana.
  4111 | D:5      | Found a blossoming altar of Fedhas.
  4276 | D:6      | Reached skill level 7 in Axes
  4384 | D:6      | Found a glowing silver altar of Zin.
  4463 | D:6      | Reached skill level 1 in Invocations
  4463 | D:6      | Reached XP level 8. HP: 66/70 MP: 7/7
  4588 | D:6      | Found an ancient bone altar of Kikubaaqudgha.
  4921 | D:6      | Found a glowing golden altar of the Shining One.
  5570 | D:7      | Noticed Pikel
  5582 | D:7      | Killed Pikel
  5583 | D:7      | Reached skill level 8 in Axes
  5660 | D:7      | Reached XP level 9. HP: 31/79 MP: 11/11
  5866 | D:7      | Found a hazy altar of Hepliaklqana.
  5894 | D:7      | Reached skill level 5 in Invocations
  6567 | D:7      | Found an ornate altar of the Wu Jian Council.
  6931 | D:8      | Reached skill level 9 in Axes
  6990 | D:8      | Noticed a manticore
  7003 | D:8      | Killed a manticore
  7263 | D:8      | Found a white marble altar of Elyvilon.
  7294 | D:8      | Found Poffy's Book Shoppe.
  7314 | D:8      | Reached XP level 10. HP: 70/90 MP: 14/14
  7510 | D:8      | Found a burning altar of Makhleb.
  7512 | D:8      | Noticed a balrug
  7644 | D:9      | Reached *** piety under the Shining One
  8235 | D:9      | Found a sparkling altar of Nemelex Xobeh.
  8241 | D:9      | Found a staircase to the Lair.
  8269 | D:9      | Reached skill level 10 in Axes
  8366 | D:9      | Found a shadowy altar of Dithmenos.
  8456 | D:9      | Got the Secrets of Helpful Envenoming
  8660 | D:9      | Found Baushraz's Fire Supplies.
  8845 | D:9      | Reached skill level 11 in Axes
  8941 | D:9      | Found a stormy altar of Qazlal.
  8974 | D:10     | Entered Level 10 of the Dungeon
  8978 | D:10     | Found Valiep's Armour Shoppe.
  9200 | D:10     | Bought a +1 pair of gloves of dexterity for 280 gold pieces
  9296 | D:10     | Found a bloodstained altar of Trog.
  9403 | D:10     | Identified the +4 hand axe of Hap Rolo {antimagic, +Blink
                  | Str+2 SInv}
  9452 | D:10     | Reached **** piety under the Shining One
  9492 | D:10     | Reached XP level 11. HP: 76/99 MP: 11/16
  9617 | D:10     | Found a broken altar of Ashenzari.
  9656 | D:10     | Reached skill level 10 in Armour
  9664 | D:10     | Reached skill level 10 in Fighting
  9963 | D:10     | Found a staircase to the Orcish Mines.
 10152 | D:10     | Found a portal to a secret trove of treasure.
 10323 | D:9      | Identified a scroll of acquirement
 10323 | D:9      | Acquired the ring of Secrets {rPois rF++ Str+4 Dex+4}
 10328 | Lair:1   | Entered Level 1 of the Lair of Beasts
 10353 | Lair:1   | Reached skill level 12 in Axes
 11038 | Lair:1   | Reached skill level 13 in Axes
 11776 | Lair:2   | Noticed Fannar
 11790 | Lair:2   | Killed Fannar
 11880 | Lair:2   | Found a staircase to the Swamp.
 11904 | Lair:2   | Reached XP level 12. HP: 44/110 MP: 4/17
 12495 | Lair:2   | Noticed a six-headed hydra
 12929 | Lair:2   | Found a hole to the Spider Nest.
 12991 | Lair:2   | Reached skill level 14 in Axes
 13038 | Lair:2   | Acquired 945 gold pieces
 13594 | Lair:3   | Reached ***** piety under the Shining One
 13618 | Lair:3   | Reached skill level 15 in Axes
 13967 | Lair:3   | Noticed a death yak
 13967 | Lair:3   | Noticed a death yak
 13968 | Lair:3   | Noticed a death yak
 13969 | Lair:3   | Noticed a death yak
 13999 | Lair:2   | Killed a death yak
 14041 | Lair:3   | Killed a death yak
 14046 | Lair:3   | Killed a death yak
 14047 | Lair:3   | Killed a death yak
 14448 | Lair:3   | Reached skill level 16 in Axes
 14952 | Lair:4   | Reached XP level 13. HP: 90/119 MP: 14/18
 15908 | Lair:4   | Found a runed translucent door.
 15908 | Lair:4   | Found a viscous altar of Jiyva.
 15909 | Lair:4   | Found a staircase to the Slime Pits.
 15909 | Lair:4   | Noticed an acid blob
 15909 | Lair:4   | Noticed an acid blob
 16168 | Lair:5   | Entered Level 5 of the Lair of Beasts
 16228 | Lair:5   | Reached skill level 17 in Axes
 17763 | Lair:5   | Reached skill level 18 in Axes
 18178 | Lair:5   | Reached XP level 14. HP: 133/133 MP: 19/19
 20010 | Spider:1 | Entered Level 1 of the Spider Nest
 20014 | Spider:1 | Noticed a broodmother
 20029 | Spider:1 | Killed a broodmother
 20303 | Spider:1 | HP: 6/133 [redback (1)]
 20303 | Spider:1 | Slain by a redback

Illustrated notes

Levels and vault maps discovered:
D:1:      scummos_arrival_hexagon, layout_basic
D:2:      layout_loops_ring, dreamdust_ecumenical_altar_drowned_temple,
          chequers_serial_rivers_micro_b
D:3:      layout_loops_ring, mainiacjoe_overflow_small_starburst, serial_shops,
          nicolae_shop_trees, portal_sewer_entry_e
D:4:      layout_gridville, uniq_sigmund
D:5:      layout_cave_pools, gammafunk_temple_overflow_pools, temple_doors_ab,
          gammafunk_ghost_split, hex_medium
D:6:      layout_cave_pods, zin_scriptorium, nicolae_tso_carved_into_rock,
          mainiacjoe_overflow_tiny_flanked
D:7:      layout_basic, nicolae_wu_jian_immortal_techniques, minmay_door_square,
          minmay_ruined_shrine, uniq_pikel
D:8:      layout_rooms, makhleb_altar_promises_db,
          nicolae_overflow_hidden_temple, serial_shops, shop
D:9:      layout_rooms, lemuel_tele_altar, nemelex_xobeh_ov_fountains_minmay,
          marbit_many_paths, lair_entry_dummy, hangedman_decor_riveting,
          st_stairs_10, nicolae_shop_fire_sale [nicolae_sub_dead_trees]
D:10:     layout_loops_cross, nicolae_ashenzari_panopticon,
          mainiacjoe_overflow_paths, david_orc_1_choice,
          nicolae_trove_entry_diagonal, serial_shops, shop_fountains
Lair:1:   layout_loops_ring
Lair:2:   layout_cave_pods, minmay_swamp_entry_worms, spider_nest_entry_webs,
          serial_bayou_pond_d, gammafunk_lair_bear_cave, grunt_megastairs_5,
          uniq_fannar
Lair:3:   layout_cellular_growth, minmay_lair_oklob_bushes, grunt_megastairs_4,
          infiniplex_staircase_pool
Lair:4:   layout_long_grid, slime_entry_2, st_stairs_3
Lair:5:   grunt_lair_end_beastmaster, layout_hall_layers,
          nicolae_lair_grazing_beasts [nicolae_sub_lair_graze_edge,
          nicolae_sub_lair_graze_edge, nicolae_sub_lair_graze_edge,
          nicolae_sub_lair_graze_edge], lemuel_fruit_tree
Spider:1: nicolae_spider_hilbert_zone_2 [nicolae_spider_hilbert_4_sides_1_open,
          nicolae_spider_hilbert_4_sides_1_open,
          nicolae_spider_hilbert_4_sides_1_open,
          nicolae_spider_hilbert_4_sides_1_open,
          nicolae_spider_hilbert_6_sides_1_open,
          nicolae_spider_hilbert_6_sides_1_open,
          nicolae_spider_hilbert_3_sides_1_open,
          nicolae_spider_hilbert_3_sides_1_open,
          nicolae_spider_hilbert_3_sides_1_open,
          nicolae_spider_hilbert_3_sides_1_open,
          nicolae_spider_hilbert_6_sides_1_open,
          nicolae_spider_hilbert_6_sides_1_open,
          nicolae_spider_hilbert_6_sides_1_open,
          nicolae_spider_hilbert_6_sides_1_open]

Skill      XL: |  1  2  3  4  5  6  7  8  9 10 11 12 13 |
---------------+----------------------------------------+-----
Axes           | 3 4 5 6 7 8 9 11 13 16 18 | 18.8
Fighting       | 4 5 6 7 8 9 11 12 14 | 14.6
Shields        | 4 5 6 |  6.8
Armour         | 4 5 6 7 8 9 11 12 14 | 14.6
Invocations    | 1 4 6 8 9 |  9.0

Action                   |  1- 3 |  4- 6 |  7- 9 | 10-12 | 13-15 || total
-------------------------+-------+-------+-------+-------+-------++-------
Melee: War axe           |    79 |    62 |   184 |   483 |   303 ||  1111
       Headbutt          |    11 |    12 |    38 |   131 |    97 ||   289
Throw: Dart              |       |       |     2 |     9 |    25 ||    36
       Throwing net      |       |       |       |     2 |       ||     2
Invok: Cleansing Flame   |       |       |       |     1 |       ||     1
       Summon Divine War |       |       |       |       |     3 ||     3
Evoke: Wand              |       |     3 |       |     6 |    18 ||    27
  Use: Scroll            |     6 |     6 |     5 |     9 |     6 ||    32
       Potion            |       |       |     5 |     3 |     4 ||    12
Armor: Scale mail        |    39 |    31 |    47 |       |       ||   117
       Chain mail        |       |       |    24 |   213 |   201 ||   438
Dodge: Dodged            |    39 |    40 |    92 |   149 |   119 ||   439
Block: Buckler           |    18 |    14 |    43 |   146 |    99 ||   320
